MID
WEST VIRGINIA POWER @ AUGUSTA GREENJACKETS
06/03/2048
 
TOP OF THE 1ST
West Virginia Power batting - Pitching for Augusta GreenJackets : RHP Danny MacKinnon
Pitching: RHP Danny MacKinnon
Batting: RHB Ken Manser 0-0: Called Strike
0-1: Foul Ball, location: 2F
0-2: Strikes out swinging
Batting: RHB Terrence Wilson 0-0: Fly out, F7 (Flyball, 7S, EV 88.8 MPH)
Batting: RHB Alain Marquet 0-0: Foul Ball, location: 2F
0-1: Ball
1-1: Ball
2-1: Ball
3-1: Foul Ball, location: 2F
3-2: Foul Ball, location: 2F
3-2: Base on Balls
Batting: RHB Dave Fredericks 0-0: Foul Ball, location: 2F
0-1: Ball
1-1: Swinging Strike
1-2: Foul Ball, location: 2F
1-2: Foul Ball, location: 2F
1-2: Foul Ball, location: 2F
1-2: Strikes out swinging
Top of the 1st over - 0 runs, 0 hits, 0 errors, 1 left on base; West Virginia 0 - Augusta 0
BOTTOM OF THE 1ST
Augusta GreenJackets batting - Pitching for West Virginia Power : RHP Kyle Davis
Pitching: RHP Kyle Davis
Batting: RHB Vinny Torres 0-0: Foul Ball, location: 2F
0-1: Ball
1-1: Ground out 6-3 (Groundball, 6, EV 87.5 MPH)
Batting: RHB Armando Ramirez 0-0: Called Strike
0-1: Foul Ball, location: 2F
0-2: Ball
1-2: Ball
2-2: Ground out 4-3 (Groundball, 4, EV 101.2 MPH)
Batting: LHB Mike Roberts 0-0: Ball
1-0: Ball
2-0: Ball
3-0: Called Strike
3-1: Base on Balls
Batting: RHB Coen Dirks 0-0: TRIPLE (Line Drive, 9LD, EV 113.1 MPH)
Mike Roberts scores
Batting: RHB Ryan Roberts 0-0: Called Strike
0-1: Ball
1-1: Ground out 3-1 (Groundball, 34S, EV 83.8 MPH)
Bottom of the 1st over - 1 run, 1 hit, 0 errors, 1 left on base; West Virginia 0 - Augusta 1
TOP OF THE 2ND
West Virginia Power batting - Pitching for Augusta GreenJackets : RHP Danny MacKinnon
Batting: RHB Tim Moore 0-0: Ball
1-0: Ball
2-0: Called Strike
2-1: Ball
3-1: Foul Ball, location: 2F
3-2: Ground out 6-3 (Groundball, 6S, EV 64.4 MPH)
Batting: RHB Chris Beckham 0-0: Called Strike
0-1: Reached on error, E6 (Groundball, 6, EV 107.5 MPH)
Batting: RHB Killian Jones 0-0: Called Strike
0-1: Ball
1-1: Ball
2-1: Ball
3-1: Called Strike
3-2: Grounds into double play, 5-4-3 (Groundball, 56, EV 85.6 MPH)
Top of the 2nd over - 0 runs, 0 hits, 1 error, 0 left on base; West Virginia 0 - Augusta 1
BOTTOM OF THE 2ND
Augusta GreenJackets batting - Pitching for West Virginia Power : RHP Kyle Davis
Batting: RHB Teruhide Horiuchi 0-0: Ball
1-0: Swinging Strike
1-1: Foul Ball, location: 2F
1-2: Foul Ball, location: 2F
1-2: Strikes out swinging
Batting: RHB David Bibian 0-0: Ground out U3 (Groundball, 34S, EV 70.6 MPH)
Batting: RHB Malik Sharpless 0-0: Called Strike
0-1: Ball
1-1: Fly out, F9 (Flyball, 9S, EV 88.1 MPH)
Bottom of the 2nd over - 0 runs, 0 hits, 0 errors, 0 left on base; West Virginia 0 - Augusta 1
TOP OF THE 3RD
West Virginia Power batting - Pitching for Augusta GreenJackets : RHP Danny MacKinnon
Batting: RHB Perry Dominey 0-0: DOUBLE (Line Drive, 7LS, EV 103.8 MPH)
Batting: RHB Bob Raine 0-0: Foul Ball, location: 2F
0-1: Called Strike
0-2: Ball
1-2: Strikes out swinging
Batting: RHB Ken Manser 0-0: Ball
1-0: Ball
2-0: Foul Ball, location: 2F
2-1: SINGLE (Groundball, 4MS, EV 68.1 MPH) (infield hit)
Perry Dominey to third
Batting: RHB Terrence Wilson 0-0: Ball
Ken Manser steals 2nd, throwing error, E2
Perry Dominey scores
Ken Manser to third
1-0: Ball
2-0: Ball
3-0: Called Strike
3-1: Ground out 6-3 (Groundball, 6, EV 85.6 MPH)
Ken Manser scores
Batting: RHB Alain Marquet 0-0: Ball
1-0: Ball
2-0: Foul Ball, location: 2F
2-1: Ball
3-1: Called Strike
3-2: Base on Balls
Batting: RHB Dave Fredericks 0-0: Ball
1-0: Called Strike
1-1: Ball
2-1: SINGLE (Line Drive, 89M, EV 105.6 MPH)
Alain Marquet to second
Batting: RHB Tim Moore 0-0: Ball
Wild Pitch!
Alain Marquet to third
Dave Fredericks to second
1-0: Ball
2-0: Ball
3-0: Called Strike
3-1: Swinging Strike
3-2: Base on Balls
Batting: RHB Chris Beckham 0-0: Ball
1-0: Ground out 5-3 (Groundball, 5S, EV 85.6 MPH)
Top of the 3rd over - 2 runs, 3 hits, 1 error, 3 left on base; West Virginia 2 - Augusta 1
BOTTOM OF THE 3RD
Augusta GreenJackets batting - Pitching for West Virginia Power : RHP Kyle Davis
Batting: RHB Chris Kulik 0-0: Ball
1-0: Foul Ball, location: 2F
1-1: Foul Ball, location: 2F
1-2: Ball
2-2: Strikes out swinging
Batting: RHB Vinny Torres 0-0: Called Strike
0-1: Foul Ball, location: 2F
0-2: Foul Ball, location: 2F
0-2: Ball
1-2: Strikes out looking
Batting: RHB Armando Ramirez 0-0: Called Strike
0-1: Called Strike
0-2: Foul Ball, location: 2F
0-2: Foul Ball, location: 2F
0-2: DOUBLE (Line Drive, 9LM, EV 93.8 MPH)
Batting: LHB Mike Roberts 0-0: Foul Ball, location: 2F
0-1: Ball
1-1: Ball
2-1: Foul Ball, location: 2F
2-2: Ball
3-2: Hit by Pitch
Batting: RHB Coen Dirks 0-0: Called Strike
0-1: Foul Ball, location: 2F
0-2: Strikes out swinging
Bottom of the 3rd over - 0 runs, 1 hit, 0 errors, 2 left on base; West Virginia 2 - Augusta 1
TOP OF THE 4TH
West Virginia Power batting - Pitching for Augusta GreenJackets : RHP Danny MacKinnon
Batting: RHB Killian Jones 0-0: Ball
1-0: Ball
2-0: Called Strike
2-1: Ball
3-1: Base on Balls
Batting: RHB Perry Dominey 0-0: Ball
1-0: Fly out, F8 (Line Drive, 8LD, EV 95.0 MPH)
Batting: RHB Bob Raine 0-0: Ball
1-0: Grounds into double play, 6-4-3 (Groundball, 6, EV 80.6 MPH)
Top of the 4th over - 0 runs, 0 hits, 0 errors, 0 left on base; West Virginia 2 - Augusta 1
BOTTOM OF THE 4TH
Augusta GreenJackets batting - Pitching for West Virginia Power : RHP Kyle Davis
Batting: RHB Ryan Roberts 0-0: Called Strike
0-1: Ball
1-1: Foul Ball, location: 2F
1-2: Strikes out swinging
Batting: RHB Teruhide Horiuchi 0-0: Swinging Strike
0-1: Swinging Strike
0-2: Ground out 5-3 (Groundball, 5, EV 91.9 MPH)
Batting: RHB David Bibian 0-0: Called Strike
0-1: Swinging Strike
0-2: Ball
1-2: Fly out, F9 (Flyball, 89D, EV 83.8 MPH)
Bottom of the 4th over - 0 runs, 0 hits, 0 errors, 0 left on base; West Virginia 2 - Augusta 1
TOP OF THE 5TH
West Virginia Power batting - Pitching for Augusta GreenJackets : RHP Danny MacKinnon
Batting: RHB Ken Manser 0-0: Ball
1-0: Ball
2-0: Ball
3-0: Base on Balls
Batting: RHB Terrence Wilson 0-0: Ball
1-0: Ball
2-0: Foul Ball, location: 2F
2-1: Called Strike
2-2: Foul Ball, location: 2F
2-2: Foul Ball, location: 2F
2-2: Ball
3-2: Base on Balls
Ken Manser to second
Batting: RHB Alain Marquet 0-0: Reached on error, E6 (Groundball, 6M, EV 85.6 MPH)
Ken Manser to third
Terrence Wilson to second
Batting: RHB Dave Fredericks 0-0: Ball
1-0: Foul Ball, location: 2F
1-1: Ball
2-1: Fly out, F7 (Flyball, 78XD, EV 84.4 MPH)
Runner from 3rd tags up, SCORES, no throw by LF
Terrence Wilson to third
Batting: RHB Tim Moore 0-0: Ball
1-0: Ball
Alain Marquet steals 2nd base
2-0: Ball
3-0: Base on Balls
Batting: RHB Chris Beckham 0-0: Ball
1-0: Called Strike
1-1: Called Strike
1-2: Foul Ball, location: 2F
1-2: Ball
2-2: Reached on error, E6 (Groundball, 6, EV 78.8 MPH)
Terrence Wilson scores
Alain Marquet to third
Tim Moore to second
Pitching: RHP Hiroaki Yazawa
Batting: RHB Killian Jones 0-0: Called Strike
0-1: SINGLE (Flyball, 9LS, EV 85.0 MPH)
Alain Marquet scores
Tim Moore to third
Chris Beckham to second
Runner from 3rd tries for Home, SAFE, throw by RF to home
Batting: RHB Perry Dominey 0-0: SINGLE (Line Drive, 56, EV 95.0 MPH)
Chris Beckham to third
Killian Jones to second
Batting: RHB Bob Raine 0-0: Ball
1-0: Called Strike
1-1: Ball
2-1: Ball
3-1: Base on Balls
Chris Beckham scores
Killian Jones to third
Perry Dominey to second
Batting: RHB Ken Manser 0-0: Ball
1-0: Foul Ball, location: 2F
1-1: Ball
2-1: Ball
3-1: Foul Ball, location: 2F
3-2: Base on Balls
Killian Jones scores
Perry Dominey to third
Bob Raine to second
Batting: RHB Terrence Wilson 0-0: Swinging Strike
0-1: Foul Ball, location: 2F
0-2: Ball
1-2: Ball
2-2: Strikes out looking
Pitching: RHP Chance Robinson
Batting: RHB Alain Marquet 0-0: Fielders Choice at 2nd, 6-4 (Groundball, 6, EV 87.5 MPH)
Top of the 5th over - 6 runs, 2 hits, 2 errors, 3 left on base; West Virginia 8 - Augusta 1
BOTTOM OF THE 5TH
Augusta GreenJackets batting - Pitching for West Virginia Power : RHP Kyle Davis
Batting: RHB Malik Sharpless 0-0: Called Strike
0-1: Ball
1-1: Swinging Strike
1-2: Strikes out swinging
Batting: RHB Chris Kulik 0-0: Ball
1-0: Ball
2-0: Foul Ball, location: 2F
2-1: Foul Ball, location: 2F
2-2: Foul Ball, location: 2F
2-2: Ball
3-2: Strikes out looking
Batting: RHB Vinny Torres 0-0: Called Strike
0-1: Foul Ball, location: 2F
0-2: Strikes out swinging
Bottom of the 5th over - 0 runs, 0 hits, 0 errors, 0 left on base; West Virginia 8 - Augusta 1
TOP OF THE 6TH
West Virginia Power batting - Pitching for Augusta GreenJackets : RHP Chance Robinson
Batting: RHB Dave Fredericks 0-0: Called Strike
0-1: Foul Ball, location: 2F
0-2: Ball
1-2: Strikes out swinging
Batting: RHB Tim Moore 0-0: Called Strike
0-1: Ground out 1-3 (Groundball, P, EV 68.1 MPH)
Batting: RHB Chris Beckham 0-0: Swinging Strike
0-1: Ball
1-1: Ball
2-1: Ball
3-1: Ground out 6-3 (Groundball, 6, EV 83.8 MPH)
Top of the 6th over - 0 runs, 0 hits, 0 errors, 0 left on base; West Virginia 8 - Augusta 1
BOTTOM OF THE 6TH
Augusta GreenJackets batting - Pitching for West Virginia Power : RHP Kyle Davis
Batting: RHB Armando Ramirez 0-0: Ball
1-0: Called Strike
1-1: Ball
2-1: Called Strike
2-2: Ball
3-2: Strikes out swinging
Batting: LHB Mike Roberts 0-0: Ball
1-0: Ball
2-0: Called Strike
2-1: Ball
3-1: Fly out, F7 (Flyball, 7S, EV 95.6 MPH)
Batting: RHB Coen Dirks 0-0: Ball
1-0: Called Strike
1-1: Fly out, F9 (Flyball, 89M, EV 86.9 MPH)
Bottom of the 6th over - 0 runs, 0 hits, 0 errors, 0 left on base; West Virginia 8 - Augusta 1
TOP OF THE 7TH
West Virginia Power batting - Pitching for Augusta GreenJackets : RHP Chance Robinson
Batting: RHB Killian Jones 0-0: Called Strike
0-1: Foul Ball, location: 2F
0-2: Ball
1-2: SINGLE (Line Drive, 6D, EV 94.4 MPH)
Batting: RHB Perry Dominey 0-0: Ball
1-0: Foul Ball, location: 2F
1-1: SINGLE (Groundball, 4S, EV 68.8 MPH) (infield hit)
Killian Jones to second
Pitching: RHP Sam Drews
Batting: RHB Bob Raine 0-0: Fielders Choice at 2nd, 1-6 (Groundball, 13, EV 63.8 MPH)
Killian Jones to third
Batting: RHB Ken Manser 0-0: Ball
1-0: Foul Ball, location: 2F
1-1: Foul Ball, location: 2F
1-2: Strikes out swinging
Batting: RHB Terrence Wilson 0-0: Called Strike
0-1: Ball
1-1: Swinging Strike
1-2: Foul Ball, location: 2F
1-2: Foul Ball, location: 2F
1-2: Ball
Passed Ball!
Killian Jones scores
Bob Raine to second
2-2: Foul Ball, location: 2F
2-2: Ground out 4-3 (Groundball, 4D, EV 103.8 MPH)
Top of the 7th over - 1 run, 2 hits, 0 errors, 1 left on base; West Virginia 9 - Augusta 1
BOTTOM OF THE 7TH
Augusta GreenJackets batting - Pitching for West Virginia Power : RHP Kyle Davis
Batting: RHB Ryan Roberts 0-0: SINGLE (Line Drive, 89S, EV 92.5 MPH)
Pitching: RHP R.J. Barr
Batting: RHB Teruhide Horiuchi 0-0: DOUBLE (Line Drive, 9LM, EV 95.6 MPH)
Ryan Roberts to third
Batting: RHB David Bibian 0-0: Foul Ball, location: 2F
0-1: Ball
1-1: Ball
2-1: Ball
3-1: Called Strike
3-2: Base on Balls
Batting: RHB Malik Sharpless 0-0: SINGLE (Groundball, 34, EV 105.0 MPH)
Ryan Roberts scores
Teruhide Horiuchi to third
David Bibian to second
Batting: RHB Chris Kulik 0-0: Foul Ball, location: 2F
0-1: Swinging Strike
0-2: Ball
1-2: Foul Ball, location: 2F
1-2: SINGLE (Groundball, 34, EV 106.9 MPH)
Teruhide Horiuchi scores
David Bibian to third
Malik Sharpless to second
Batting: RHB Vinny Torres 0-0: Called Strike
0-1: Swinging Strike
0-2: Foul Ball, location: 2F
0-2: Ball
1-2: Strikes out swinging
Batting: RHB Armando Ramirez 0-0: Called Strike
0-1: Fly out, F8 (Flyball, 78M, EV 80.0 MPH)
Batting: LHB Mike Roberts 0-0: Called Strike
0-1: Foul Ball, location: 2F
0-2: Foul Ball, location: 2F
0-2: Foul Ball, location: 2F
0-2: Ball
1-2: Strikes out swinging
Bottom of the 7th over - 2 runs, 4 hits, 0 errors, 3 left on base; West Virginia 9 - Augusta 3
TOP OF THE 8TH
West Virginia Power batting - Pitching for Augusta GreenJackets : RHP Sam Drews
Batting: RHB Alain Marquet 0-0: Swinging Strike
0-1: Swinging Strike
0-2: Strikes out looking
Batting: RHB Dave Fredericks 0-0: Swinging Strike
0-1: SINGLE (Flyball, 5D, EV 90.6 MPH)
Batting: RHB Tim Moore 0-0: Ball
1-0: SINGLE (Groundball, 56D, EV 103.8 MPH)
Dave Fredericks to second
Batting: RHB Chris Beckham 0-0: Ball
1-0: Ball
2-0: Ball
3-0: Called Strike
3-1: Called Strike
3-2: Base on Balls
Dave Fredericks to third
Tim Moore to second
Batting: RHB Killian Jones 0-0: Swinging Strike
0-1: Ball
1-1: Swinging Strike
1-2: Foul Ball, location: 2F
1-2: Foul Ball, location: 2F
1-2: Foul Ball, location: 2F
1-2: Strikes out swinging
Batting: RHB Perry Dominey 0-0: Ball
1-0: Fielders Choice at 2nd, 5-4 (Groundball, 5L, EV 81.9 MPH)
Top of the 8th over - 0 runs, 2 hits, 0 errors, 3 left on base; West Virginia 9 - Augusta 3
BOTTOM OF THE 8TH
Augusta GreenJackets batting - Pitching for West Virginia Power : RHP R.J. Barr
Batting: RHB Coen Dirks 0-0: Ball
1-0: Ball
2-0: Ball
3-0: Called Strike
3-1: Fly out, F8 (Flyball, 78D, EV 91.9 MPH)
Batting: RHB Ryan Roberts 0-0: Called Strike
0-1: Ball
1-1: Foul Ball, location: 2F
1-2: Ball
2-2: Strikes out looking
Batting: RHB Teruhide Horiuchi 0-0: Ball
1-0: Foul Ball, location: 2F
1-1: Ball
2-1: Ball
3-1: Called Strike
3-2: Base on Balls
Batting: RHB David Bibian 0-0: Ball
1-0: Fielders Choice at 2nd, 6-4 (Groundball, 6, EV 86.2 MPH)
Bottom of the 8th over - 0 runs, 0 hits, 0 errors, 1 left on base; West Virginia 9 - Augusta 3
TOP OF THE 9TH
West Virginia Power batting - Pitching for Augusta GreenJackets : RHP Sam Drews
Batting: RHB Bob Raine 0-0: Called Strike
0-1: Swinging Strike
0-2: Foul Ball, location: 2F
0-2: Ball
1-2: Strikes out swinging
Batting: RHB Ken Manser 0-0: Ground out 6-3 (Groundball, 6, EV 85.0 MPH)
Batting: RHB Terrence Wilson 0-0: Called Strike
0-1: Foul Ball, location: 2F
0-2: Foul Ball, location: 2F
0-2: Foul Ball, location: 2F
0-2: Ball
1-2: Foul Ball, location: 2F
1-2: Foul Ball, location: 2F
1-2: Strikes out looking
Top of the 9th over - 0 runs, 0 hits, 0 errors, 0 left on base; West Virginia 9 - Augusta 3
BOTTOM OF THE 9TH
Augusta GreenJackets batting - Pitching for West Virginia Power : RHP R.J. Barr
Batting: RHB Malik Sharpless 0-0: Foul Ball, location: 2F
0-1: Ball
1-1: Foul Ball, location: 2F
1-2: Ball
2-2: Foul Ball, location: 2F
2-2: Strikes out swinging
Batting: RHB Chris Kulik 0-0: Ball
1-0: Foul Ball, location: 2F
1-1: SINGLE (Groundball, 4D, EV 98.1 MPH)
Pitching: RHP Kevin Beury
Batting: RHB Vinny Torres 0-0: Foul Ball, location: 2F
0-1: Called Strike
0-2: Ball
1-2: Ball
2-2: Ball
Wild Pitch!
Chris Kulik to second
3-2: DOUBLE (Flyball, 89D, EV 99.4 MPH)
Chris Kulik scores
Batting: RHB Armando Ramirez 0-0: Called Strike
0-1: Swinging Strike
0-2: Ball
1-2: Ball
2-2: Strikes out swinging
Batting: LHB Mike Roberts 0-0: Ball
1-0: Called Strike
1-1: Fly out, F9 (Flyball, 9S, EV 90.6 MPH)
Bottom of the 9th over - 1 run, 2 hits, 0 errors, 1 left on base; West Virginia 9 - Augusta 4
Tuesday, March 28th , 2023 - OOTP Baseball 23.10 Build 110